[Event "Early-Titled-Tuesday-Blitz-January-30-2024"]
[Site "Chess.com"]
[Date "2024.01.30"]
[Round "1"]
[White "jens1102"]
[Black "agvega14"]
[Result "1-0"]
[WhiteElo "2577"]
[BlackElo "2151"]
[TimeControl "180+1"]
[EndTime "8:07:38 PST"]
[Termination "jens1102 won on time"]

1. c4 e5 2. g3 Nc6 3. Bg2 Bc5 4. Nc3 d6 5. e3 a6 6. Nge2 Ba7 7. O-O h5 8. d4 h4 9. d5 Nce7 10. Qc2 hxg3 11. hxg3 Ng6 12. Ne4 Bh3 13. Bxh3 Rxh3 14. Kg2 Rh8 15. Bd2 Qe7 16. Rh1 Rxh1 17. Rxh1 Nh6 18. b4 Nf8 19. c5 f5 20. cxd6 cxd6 21. N4c3 Rc8 22. Qa4+ Qd7 23. b5 Kf7 24. Rb1 Ng6 25.
bxa6 Qxa4 26. Nxa4 bxa6 27. Rb7+ Kg8 28. Rxa7 Rc2 29.
Nec3 Rxd2 30. Rxa6 f4 31. exf4 exf4 32. Rxd6 Nf5 33.
Rd8+ Kh7 34. Ne4 Ne5 35. gxf4 Re2 36. Ng5+ Kg6 37. fxe5 Kxg5 38. e6 Rxa2 39. Nc3 Rc2 40. Ne4+ Kf4 41. d6 Kxe4 42. e7 Kf4 43. e8=Q Nh4+ 44.
Kh3 Rc3+ 45. Kxh4 g5+ 46. Kh5 Rh3+ 47. Kg6 1-0

[Event "Early-Titled-Tuesday-Blitz-January-30-2024"]
[Site "Chess.com"]
[Date "2024.01.30"]
[Round "1"]
[White "alexrustemov"]
[Black "kingandqueen2017"]
[Result "0-1"]
[WhiteElo "2797"]
[BlackElo "2474"]
[TimeControl "180+1"]
[EndTime "8:07:39 PST"]
[Termination "kingandqueen2017 won on time"]

1. d4 Nf6 2. c4 e6 3. Nf3 d5 4.
Nc3 dxc4 5. e3 a6 6. a4 c5 7.
Bxc4 cxd4 8. Qxd4 Qxd4 9. Nxd4 Bd7 10. e4 Nc6 11. Nxc6 Bxc6 12. f3 Rc8 13. Be2 Bc5 14.
Nd1 Bb4+ 15. Bd2 Bxd2+ 16. Kxd2 Nd7 17. a5 Ke7 18. Ke3 f5 19. Nf2 Rhf8 20. exf5 exf5 21. Nd3 Kf6 22. Kf2 Bb5 23. Rhc1 Rfe8 24. Nf4 Bxe2 25. Nxe2 Nc5 26. Rc3 Ne6 27. Rac1 Rxc3 28. Rxc3 Rd8 29.
Ke3 Rd5 30. b4 Rd1 31. Nf4 Nxf4 32. Kxf4 Rd4+ 33. Kg3 Rxb4 34. Rc7 h6 35. h4 g6 36. Rh7 Rb5 37. h5 gxh5 38. Rxh6+ Kg7 39. Rd6 Rb4 40.
Kh3 f4 41. Kh4 Rb5 42. Rd4 Kg6 43. Rd6+ Kf7 44. Rh6 Kg7 45. Rd6 Rxa5 46. Rd7+ Kg6 47. Rxb7 Ra1 48. Rb6+ Kf5 49. g4+ hxg4 50. fxg4+ Ke4 51.
g5 Rh1+ 52. Kg4 Rg1+ 53. Kh5 f3 54. Rf6 Ke3 55. Rxa6 f2 56. Rf6 f1=Q 57. Rxf1 Rxf1 58. g6 Kf4 59. Kh6 Rh1+ 60. Kg7 Kg5 61. Kf7 Rf1+ 0-1

[Event "Early-Titled-Tuesday-Blitz-January-30-2024"]
[Site "Chess.com"]
[Date "2024.01.30"]
[Round "1"]
[White "the_chess_child"]
[Black "soloderisas"]
[Result "0-1"]
[WhiteElo "2886"]
[BlackElo "2516"]
[TimeControl "180+1"]
[EndTime "8:07:40 PST"]
[Termination "soloderisas won by checkmate"]

1. e4 e5 2. Nf3 Nc6 3. d3 Bc5 4. g3 d6 5. Bg2 Nf6 6. O-O h6 7. Nc3 O-O 8. Na4 Bg4 9. h3 Be6 10. Nxc5 dxc5 11. b3 a5 12. Bb2 Nd7 13. a4 Qe7 14. Nh4 Nd4 15. Nf3 Qd6 16. Nxd4 cxd4 17. f4 f5 18. Qe2 c6 19. Rae1 fxe4 20. Qxe4 Bd5 21. fxe5 Rxf1+ 22. Bxf1 Qb4 23. Qe2 Re8 24. e6 Rxe6 25. Qxe6+ Bxe6 26. Rxe6 Nf6 27. Re2 Nd5 28. Bg2 Ne3 29. Be4 Qd6 30. Kf2 Nd1+ 31. Ke1 Nxb2 32.
Kd2 Qb4+ 33. Kc1 Qa3 34. Kb1 g5 35. Re1 Qb4 36. Rf1 Nxa4 37. Kc1 Nc3 38. Bf5 a4 39. Be6+ Kg7 40. Rf7+ Kg6 41. g4 axb3 42. cxb3 Qa3+ 43. Kd2 Qb2+ 44. Ke1 Qe2# 0-1

[Event "Early-Titled-Tuesday-Blitz-January-30-2024"]
[Site "Chess.com"]
[Date "2024.01.30"]
[Round "1"]
[White "VomDingJetztHer"]
[Black "enestnrvrd"]
[Result "1-0"]
[WhiteElo "2410"]
[BlackElo "2690"]
[TimeControl "180+1"]
[EndTime "8:07:40 PST"]
[Termination "VomDingJetztHer won by resignation"]

1. Nf3 Nf6 2. c4 e6 3. d4 d5 4. cxd5 exd5 5. Bf4 Bd6 6. Bxd6 Qxd6 7. Nc3 c6 8. e3 Bf5 9. Bd3 Bxd3 10. Qxd3 Nbd7 11. O-O O-O 12. Rab1 Rfe8 13. b4 a6 14. a4 b5 15.
a5 Ne4 16. Nd2 Nxd2 17. Qxd2 Nf6 18. Rfc1 Re7 19. Qd3 Rae8 20. Ne2 Ng4 21. Ng3 g6 22. Rc5 h5 23. Rbc1 Re6 24. Nf1 Rf6 25. R1c2 Kg7 26.
Qc3 Ree6 27. h3 Nh6 28. Nd2 Nf5 29. Nf3 Ne7 30. Ne5 g5 31. Qd3 Ng6 32. Rxc6 Nxe5 33. dxe5 Qxe5 34. Rxe6 Rxe6 35. Qc3 Qxc3 36. Rxc3 Re4 37.
Rc6 Rxb4 38. Rxa6 Ra4 39. Rd6 Rxa5 40. Rxd5 Kg6 41. Kh2 Ra2 42. Kg3 b4 43. Rb5 Rb2 44. Rb6+ f6 45. e4 b3 46. e5 Kf5 47. exf6 Kg6 48. Kf3 Rb1 49. g3 b2 50. h4 gxh4 51.
gxh4 Kf7 52. Kf4 Kg6 53. f3 Kf7 54. Kf5 Kf8 55. Rb7 Ke8 56. f7+ Kf8 57. Kf6 1-0

[Event "Early-Titled-Tuesday-Blitz-January-30-2024"]
[Site "Chess.com"]
[Date "2024.01.30"]
[Round "1"]
[White "stepanosinovsky"]
[Black "tuschessCM1"]
[Result "0-1"]
[WhiteElo "2380"]
[BlackElo "2703"]
[TimeControl "180+1"]
[EndTime "8:07:40 PST"]
[Termination "tuschessCM1 won on time"]

1. Nf3 Nf6 2. g3 g6 3. Bg2 Bg7 4. O-O O-O 5. d3 d6 6. e4 e5 7. Nbd2 Nc6 8. Ne1 d5 9. c3 h6 10.
Qb3 dxe4 11. dxe4 Nb8 12. Nc4 Nbd7 13. Na5 c6 14. Qa3 Re8 15. Nc2 Bf8 16. b4 b6 17.
Nc4 a5 18. Qb2 Ba6 19. N2e3 Qc7 20. a4 axb4 21. cxb4 b5 22. axb5 Bxb5 23. Rxa8 Rxa8 24. Bd2 Nb6 25. Rc1 Nxc4 26. Nxc4 Nd7 27. Na5 Rd8 28. Be1 Nb6 29. Bf1 Qd7 30. Kg2 Bxf1+ 31. Kxf1 Rc8 32. Qc2 c5 33. bxc5 Rxc5 34. Qb1 Rxc1 35.
Qxc1 Qd3+ 36. Kg1 Qxe4 37. Nc6 Nd5 38. h3 Nf6 39. Nb4 Bxb4 40. Qc8+ Kg7 41. Bxb4 Qxb4 0-1

[Event "Early-Titled-Tuesday-Blitz-January-30-2024"]
[Site "Chess.com"]
[Date "2024.01.30"]
[Round "1"]
[White "Der_Balak_3Halak"]
[Black "Aslanov_Umid"]
[Result "0-1"]
[WhiteElo "2338"]
[BlackElo "2661"]
[TimeControl "180+1"]
[EndTime "8:07:40 PST"]
[Termination "Aslanov_Umid won by resignation"]

1. e4 c5 2. Nf3 d6 3. Bb5+ Bd7 4.
Bxd7+ Qxd7 5. O-O Nc6 6. c3 Nf6 7. Re1 e6 8. d4 cxd4 9. cxd4 d5 10. e5 Ne4 11. a3 Be7 12. Qd3 O-O 13. Nbd2 Nxd2 14. Bxd2 a5 15. Re3 a4 16. Ne1 f5 17.
exf6 Bxf6 18. Nf3 Rfe8 19. Rae1 Na5 20. Bxa5 Rxa5 21. Ne5 Qb5 22. Ng4 Qxd3 23. Nxf6+ gxf6 24. Rxd3 Rb5 25. Re2 Rc8 26. f4 Rc1+ 27. Kf2 Rb6 28. Rg3+ Kf7 29. Rh3 Kg7 30. Rg3+ Kf7 31. Rh3 Kg8 32.
Rg3+ Kf8 33. Rh3 Rb1 34. Rxh7 R6xb2 35. f5 exf5 36. Rd7 Rxe2+ 37. Kxe2 Rb2+ 38. Kf3 Rb3+ 39. Kf4 Rxa3 40. Kxf5 Rb3 41. Kxf6 Ke8 42. Rxd5 a3 43. Ra5 Rb6+ 44. Ke5 Ra6 45. Rc5 a2 46. Rc1 a1=Q 47.
Rxa1 Rxa1 48. h4 b5 49. Kd5 Rc1 50. Ke6 b4 51. h5 b3 52. h6 Rh1 53. d5 Rxh6+ 0-1

[Event "Early-Titled-Tuesday-Blitz-January-30-2024"]
[Site "Chess.com"]
[Date "2024.01.30"]
[Round "1"]
[White "PavelShkapenko"]
[Black "marik_spb"]
[Result "1-0"]
[WhiteElo "2753"]
[BlackElo "2414"]
[TimeControl "180+1"]
[EndTime "8:07:41 PST"]
[Termination "PavelShkapenko won on time"]

1. e4 e6 2. d4 d5 3. exd5 exd5 4. Nf3 Nf6 5. Bd3 c5 6. O-O c4 7. Re1+ Be7 8. Bf1 O-O 9. b3 cxb3 10. axb3 Nc6 11.
Ba3 Bxa3 12. Nxa3 Bg4 13. c3 Ne4 14. Qd3 Re8 15. Nd2 Bf5 16. Nxe4 Rxe4 17. Rxe4 Bxe4 18.
Qg3 Qb6 19. Nb5 a6 20. f3 Re8 21. Qc7 Qxc7 22. Nxc7 Rc8 23. fxe4 Rxc7 24. exd5 Nd8 25. c4 Kf8 26. g3 Re7 27. Kf2 f6 28. Bg2 h5 29. c5 Rd7 30. b4 g5 31. Re1 Re7 32.
Rxe7 Kxe7 33. d6+ Ke6 34. Ke3 f5 35. Kd3 Kf6 36. Kc4 Ke6 37. Bd5+ Kd7 38. b5 axb5+ 39. Kxb5 Nc6 40. Bxc6+ bxc6+ 41. Kc4 f4 42. gxf4 g4 43.
Kd3 h4 44. Ke2 g3 45. hxg3 hxg3 46. Kf3 1-0

[Event "Early-Titled-Tuesday-Blitz-January-30-2024"]
[Site "Chess.com"]
[Date "2024.01.30"]
[Round "1"]
[White "RamonManon0g"]
[Black "ansko1999"]
[Result "0-1"]
[WhiteElo "2393"]
[BlackElo "2717"]
[TimeControl "180+1"]
[EndTime "8:07:41 PST"]
[Termination "ansko1999 won by resignation"]

1. e4 e5 2. Nf3 Nc6 3. Bc4 Bc5 4. c3 Nf6 5. d4 exd4 6. e5 d5 7. Bb5 Ne4 8. cxd4 Bb6 9. Nc3 O-O 10. Be3 Bg4 11. Qc2 Nxc3 12. bxc3 f6 13. exf6 Qxf6 14. Ng5 Bf5 15. Qb3 Rad8 16. Bxc6 Qxc6 17. O-O h6 18. Nf3 Qe6 19. Ne5 c6 20. f4 Be4 21. a4 Qc8 22.
a5 Bc7 23. a6 bxa6 24. Nxc6 Rd7 25. Nxa7 Qe8 26. Nc6 Qg6 27. Rf2 Qxc6 28. h3 a5 29. Raf1 Rdf7 30. Qa3 Bd3 31. Re1 Bc4 32. Bd2 a4 33.
Re7 Bd6 34. Re6 Bxa3 35. Rxc6 Bb2 36. Ra6 a3 37. Ra5 a2 38. Be3 a1=Q+ 39. Rxa1 Bxa1 40. Bd2 Re7 41. Kh2 Rfe8 42. f5 Re2 43. Kg3 Rxf2 44.
Kxf2 Re2+ 45. Kf3 Rxd2 46. f6 gxf6 0-1

[Event "Early-Titled-Tuesday-Blitz-January-30-2024"]
[Site "Chess.com"]
[Date "2024.01.30"]
[Round "1"]
[White "Korchmar_Vasiliy"]
[Black "kaanadayhamle"]
[Result "1-0"]
[WhiteElo "2713"]
[BlackElo "2391"]
[TimeControl "180+1"]
[EndTime "8:07:43 PST"]
[Termination "Korchmar_Vasiliy won on time"]

1. e4 e5 2. Nf3 Nc6 3. Bc4 Bc5 4.
c3 d6 5. d3 Bg4 6. O-O h6 7.
Nbd2 Nf6 8. Re1 O-O 9. Nf1 a5 10. h3 Be6 11. Bb5 Ne7 12. d4 exd4 13. cxd4 Bb4 14.
Re2 c6 15. Bd3 a4 16. a3 Bb3 17. Bc2 Bxc2 18. Qxc2 Ba5 19. Ng3 Bc7 20. Nh4 Re8 21. Bd2 Qd7 22. Rae1 Bb6 23. Ngf5 Nxf5 24. Nxf5 d5 25.
e5 Ne4 26. g4 Nxd2 27. Qxd2 Ba5 28. Qf4 Bxe1 29. Rxe1 Re6 30. Re3 Rae8 31. Rg3 Rg6 32.
h4 Qc7 33. h5 Rg5 34. Qd2 Qb6 35. f4 Rxf5 36. gxf5 Kf8 37. Kh2 c5 38. Qg2 cxd4 39. Rxg7 Ke7 40. f6+ Kd8 41. Rxf7 Kc8 42. Re7 Rd8 43. f7 Qc6 44. e6 d3 45. Rd7 1-0

[Event "Early-Titled-Tuesday-Blitz-January-30-2024"]
[Site "Chess.com"]
[Date "2024.01.30"]
[Round "1"]
[White "BashirliSaadat"]
[Black "Paladin61"]
[Result "0-1"]
[WhiteElo "2403"]
[BlackElo "2735"]
[TimeControl "180+1"]
[EndTime "8:07:44 PST"]
[Termination "Paladin61 won by resignation"]

1. e4 e6 2. d4 d5 3. Nc3 Nf6 4. Bg5 dxe4 5. Nxe4 Be7 6. Bxf6 gxf6 7. c3 f5 8. Nd2 c5 9. Ngf3 Nc6 10. Bb5 Bd7 11. Qe2 cxd4 12. Nxd4 Nxd4 13. cxd4 a6 14. Bxd7+ Qxd7 15. Qe3 Rd8 16. O-O Qxd4 17. Qxd4 Rxd4 18. Nf3 Rd7 19.
Rac1 O-O 20. Ne5 Rd5 21. Rfe1 Bf6 22. Nf3 Bxb2 23. Rb1 Rb5 24. a4 Rb4 25. a5 Rd8 26. h3 Rb5 27. Kh2 Rd3 28. Ng5 Rdb3 29. Nf3 Be5+ 30.
Nxe5 Rxb1 31. Re2 R1b2 32. Re3 f4 33. Re4 Rxa5 34. Ng4 f5 35. Nf6+ Kf7 36. Rxe6 Kxe6 0-1

[Event "Early-Titled-Tuesday-Blitz-January-30-2024"]
[Site "Chess.com"]
[Date "2024.01.30"]
[Round "1"]
[White "scarabee43"]
[Black "LimeInTheCoconut"]
[Result "1-0"]
[WhiteElo "2816"]
[BlackElo "2459"]
[TimeControl "180+1"]
[EndTime "8:07:45 PST"]
[Termination "scarabee43 won on time"]

1. Nf3 d5 2. e3 Nf6 3. c4 c6 4. Nc3 Bg4 5. cxd5 Bxf3 6. Qxf3 cxd5 7. d4 Nc6 8. Bd2 e6 9. Bd3 Be7 10. O-O O-O 11. Rac1 Rc8 12. Qh3 g6 13. Rfd1 Re8 14. Be1 Bf8 15. Bb1 Bg7 16. f3 Nd7 17. Bf2 Nb6 18. b3 Qe7 19. g4 Red8 20. Qg2 e5 21. dxe5 Bxe5 22. Ne2 Bg7 23. h4 Ne5 24. Nd4 Rxc1 25. Rxc1 Rc8 26. Rxc8+ Nxc8 27. h5 Nc6 28. Ne2 Nd6 29. hxg6 hxg6 30. Nf4 Qe5 31. Qf1 d4 32.
Qd3 dxe3 33. Qxe3 Qxe3 34. Bxe3 a6 35. Kf1 Nb5 36. Nd5 Nc3 37. Nxc3 Bxc3 38. Be4 Nd8 39. Bb6 Bf6 40. Ke2 Be7 41. Kd3 f6 42. Bxg6 Kg7 43.
Be4 Nc6 44. Kc4 1-0

[Event "Early-Titled-Tuesday-Blitz-January-30-2024"]
[Site "Chess.com"]
[Date "2024.01.30"]
[Round "1"]
[White "Ron_Weasley_Chess"]
[Black "Eagle_2019"]
[Result "0-1"]
[WhiteElo "2449"]
[BlackElo "2802"]
[TimeControl "180+1"]
[EndTime "8:07:45 PST"]
[Termination "Eagle_2019 won by resignation"]

1. e4 d5 2. exd5 c6 3. d4 cxd5 4. Bd3 Nc6 5. c3 Nf6 6. Bf4 g6 7. Ne2 Bg7 8. O-O O-O 9. Nd2 Nh5 10. Nf3 Nxf4 11. Nxf4 Qd6 12. Ne2 f6 13. Ng3 Bg4 14.
h3 Bxf3 15. Qxf3 e5 16. dxe5 fxe5 17. Qd1 Rad8 18. Qb3 Qc7 19. Rad1 Kh8 20. Be2 Qf7 21. Rd2 e4 22. c4 Nd4 23. Qe3 dxc4 24. Nxe4 Nf5 25.
Qf4 Qe7 26. Rxd8 Rxd8 27. Bxc4 Rd4 28. Qb8+ Qf8 29. Qxb7 Rxc4 30. Ng5 Qe8 31. Nf7+ Kg8 32. Nd6 Nxd6 33. Qd5+ Qf7 34. Qxd6 h5 35. Re1 Rc2 36. Qd8+ Kh7 37. Rf1 Rxb2 38. a4 Ra2 39. Qa5 Bd4 40. Qd8 Bxf2+ 41. Kh1 Re2 42. Qd3 Qe7 43. Qc4 Re1 44.
Kh2 Rxf1 45. Qxf1 Qe5+ 46. Kh1 Qe1 0-1

[Event "Early-Titled-Tuesday-Blitz-January-30-2024"]
[Site "Chess.com"]
[Date "2024.01.30"]
[Round "1"]
[White "masnyszachistaaa"]
[Black "Firouzja2003"]
[Result "0-1"]
[WhiteElo "2547"]
[BlackElo "3149"]
[TimeControl "180+1"]
[EndTime "8:07:46 PST"]
[Termination "Firouzja2003 won by resignation"]

1. e4 e5 2. Nf3 Nc6 3. Bb5 a6 4. Ba4 Bc5 5. O-O Nge7 6. c3 Ng6 7. d4 Ba7 8. Bxc6 dxc6 9. Nxe5 Nxe5 10. dxe5 Qh4 11.
Qd3 Bg4 12. Qg3 Qxg3 13. hxg3 O-O-O 14. Nd2 Rhe8 15. Nf3 h6 16. Re1 Rd3 17. Nh2 Be6 18. Nf1 Bd7 19. Be3 Bxe3 20. Rxe3 Rxe3 21. Nxe3 Rxe5 22.
f3 Be6 23. Kf2 h5 24. a3 a5 25. Rd1 a4 26. Rd2 Rb5 27. f4 g6 28. Kf3 b6 29.
g4 hxg4+ 30. Nxg4 Rh5 31. Ne3 Kb7 32. Rd1 b5 33. Rd2 Kb6 34. Rd1 Kc5 35. Rd4 Rh1 36.
f5 Bb3 37. fxg6 fxg6 38. Rd2 Rh8 39. Kf4 Rf8+ 40. Kg5 Re8 41. Kxg6 Rxe4 42. Nf5 Be6 43. Nd4 Bd5 44. Kf5 Re8 45. g4 Kc4 46. g5 Rf8+ 47.
Ke5 Re8+ 48. Kf5 c5 49. Ne2 Rf8+ 50. Ke5 Rf2 51. Nf4 Rxd2 0-1

[Event "Early-Titled-Tuesday-Blitz-January-30-2024"]
[Site "Chess.com"]
[Date "2024.01.30"]
[Round "1"]
[White "kamilianin235"]
[Black "Seochesspie"]
[Result "1-0"]
[WhiteElo "2512"]
[BlackElo "2873"]
[TimeControl "180+1"]
[EndTime "8:07:47 PST"]
[Termination "kamilianin235 won by resignation"]

1. e4 d6 2. d4 Nf6 3. Nc3 Nc6 4. Nf3 g6 5. Bc4 Bg7 6. O-O Nxe4 7. Bxf7+ Kxf7 8. Nxe4 Rf8 9. d5 Ne5 10. Nxe5+ Bxe5 11. Bh6 Bg7 12. Ng5+ Kg8 13. Bxg7 Kxg7 14. Qd4+ Kg8 15.
Rae1 e5 16. Qh4 h5 17. f4 Rxf4 18. Rxf4 exf4 19. Qxf4 Bf5 20. c4 Qf6 21. Ne6 Re8 22. Re2 Re7 23. Rf2 Qf7 24. Nd4 Re1+ 25. Rf1 Rxf1+ 26.
Qxf1 Bd7 27. Qxf7+ Kxf7 28. Kf2 g5 29. Ke3 Kf6 30.
Ke4 a6 31. b3 h4 32. a3 Be8 33. g3 hxg3 34. hxg3 Bg6+ 35. Ke3 Bf7 36. Ke4 Be8 37. Ke3 Ke5 38. Ne6 c6 39. dxc6 bxc6 40. Nxg5 d5 41.
cxd5 Kxd5 42. Nf3 c5 43. Nd2 a5 44. a4 c4 45. Nxc4 Kc5 46. Kd3 Kb4 47. Kc2 Bd7 48.
Ne5 Be6 49. Nd3+ Ka3 50. Nc5 Bg4 51. Kc3 Bc8 52. Nd3 Be6 53. Nc5 Bc8 54. g4 Bxg4 55.
Nb7 Bd7 56. Nxa5 Bxa4 57. Nc4+ 1-0

[Event "Early-Titled-Tuesday-Blitz-January-30-2024"]
[Site "Chess.com"]
[Date "2024.01.30"]
[Round "1"]
[White "ljm509"]
[Black "FM_VS99"]
[Result "1-0"]
[WhiteElo "2019"]
[BlackElo "2546"]
[TimeControl "180+1"]
[EndTime "8:07:47 PST"]
[Termination "ljm509 won by resignation"]

1. e4 c5 2. Nf3 g6 3. d4 cxd4 4. Qxd4 Nf6 5. Nc3 Nc6 6. Qd3 d6 7. h3 Bg7 8. Be3 O-O 9. Be2 Bd7 10. O-O Rc8 11. a3 a6 12. Qd2 Na5 13. Bh6 Qb6 14. Rab1 Be6 15. Bxg7 Kxg7 16. Bd3 Rfd8 17. Qe1 Nd7 18.
Nd5 Bxd5 19. exd5 Re8 20. b3 Nf6 21. c4 Qc7 22. Nd2 b6 23. b4 Nb7 24. Rc1 a5 25.
Qe3 axb4 26. axb4 Ra8 27. Qd4 Ra3 28. Ne4 Rea8 29. Rfe1 Rb3 30. Rb1 Raa3 31. Rxb3 Rxb3 32. g4 h6 33. h4 Kg8 34. Nxf6+ exf6 35. Qxf6 Rxd3 36.
Re8+ 1-0

[Event "Early-Titled-Tuesday-Blitz-January-30-2024"]
[Site "Chess.com"]
[Date "2024.01.30"]
[Round "1"]
[White "secrethawk1"]
[Black "GelmanAlexander"]
[Result "1-0"]
[WhiteElo "2472"]
[BlackElo "2790"]
[TimeControl "180+1"]
[EndTime "8:07:48 PST"]
[Termination "secrethawk1 won by checkmate"]

1. e4 c5 2. Nf3 e6 3. d4 cxd4 4. Nxd4 a6 5. Nc3 d6 6. Be3 Nf6 7. Qd2 b5 8. f3 h5 9. O-O-O Bb7 10. Kb1 Nbd7 11. Be2 Rc8 12. f4 b4 13. Na4 Nxe4 14.
Qxb4 Qc7 15. Bd3 d5 16. Qb3 Ndc5 17. Nxc5 Nxc5 18. Qc3 Bd6 19. f5 e5 20. Nb3 d4 21.
Bxd4 exd4 22. Rhe1+ Kf8 23. Qxd4 Nxb3 24. axb3 Rh6 25.
Bc4 Rf6 26. g3 Qc5 27. Qh4 Rxf5 28. g4 Rf4 29. h3 Be7 30. Qg3 Rf3 31. Qg2 Rxb3 32.
Qe2 Rb4 33. Bxf7 Rxb2+ 34. Kxb2 Bf6+ 35. Kc1 Qa3+ 36. Kd2 Bg5+ 37. Qe3 Bxe3+ 38. Rxe3 Kxf7 39. Rxa3 Rd8+ 40. Rd3 Re8 41. Rb1 Be4 42. Re3 Rd8+ 43. Kc1 Bg6 44. Rb7+ Kf8 45. Ree7 Rc8 46. Rxg7 Rxc2+ 47. Kd1 Rc6 48. g5 Rd6+ 49. Ke1 Re6+ 50. Kf2 Be8 51. Kg3 Re3+ 52. Kf4 Re1 53. Rh7 Kg8 54. Rbg7+ Kf8 55. g6 Rf1+ 56. Ke5 Re1+ 57. Kf5 Rf1+ 58.
Kg5 Rg1+ 59. Kxh5 Rg3 60. h4 Rf3 61. Kh6 Rf5 62. Rh8# 1-0

[Event "Early-Titled-Tuesday-Blitz-January-30-2024"]
[Site "Chess.com"]
[Date "2024.01.30"]
[Round "1"]
[White "1977Ivan"]
[Black "Licancabur"]
[Result "1-0"]
[WhiteElo "2805"]
[BlackElo "2452"]
[TimeControl "180+1"]
[EndTime "8:07:48 PST"]
[Termination "1977Ivan won on time"]

1. d4 d5 2. c4 dxc4 3. e4 Nc6 4. Nf3 Bg4 5. Be3 Nf6 6. Nc3 Bxf3 7. gxf3 e6 8. Bxc4 Bb4 9. Rg1 Nh5 10. f4 g6 11. a3 Ba5 12. Rg5 Qf6 13. e5 Bxc3+ 14. bxc3 Qe7 15. Be2 Ng7 16. Bf3 Nf5 17. Rb1 O-O 18.
Rxb7 Na5 19. Rb5 Qxa3 20. Rxf5 exf5 21. Bxa8 Rxa8 22. Qc1 Qa4 23. Rb4 Qa2 24. Qb1 Qd5 25. Rb5 Qh1+ 26. Ke2 Qxb1 27. Rxb1 Nc4 28. Rb4 Nb6 29. Kd3 a5 30. Rb1 Nd5 31. c4 Nb4+ 32. Kc3 c6 33. Ra1 Kf8 34. Bc1 Ke8 35. Ba3 Rb8 36.
Bxb4 axb4+ 37. Kb3 Kd8 38. Ra7 Ke8 39. d5 cxd5 40.
cxd5 Rd8 41. d6 Rb8 42. Ra4 Rc8 43. Rxb4 Rc1 44. Rb8+ Kd7 45. Rb7+ Ke6 46. Re7+ Kd5 47. d7 1-0

[Event "Early-Titled-Tuesday-Blitz-January-30-2024"]
[Site "Chess.com"]
[Date "2024.01.30"]
[Round "1"]
[White "brm72"]
[Black "NastyaHn"]
[Result "1-0"]
[WhiteElo "2687"]
[BlackElo "2366"]
[TimeControl "180+1"]
[EndTime "8:07:48 PST"]
[Termination "brm72 won on time"]

1. d4 d5 2. c4 e6 3. Nf3 Nf6 4.
g3 Be7 5. Bg2 O-O 6. O-O dxc4 7.
Qc2 a6 8. a4 Bd7 9. Rd1 Bc6 10.
Qxc4 Nbd7 11. Nc3 a5 12. Qd3 Bxf3 13. Bxf3 c6 14. Bf4 Nd5 15. e4 Nxf4 16. gxf4 Nf6 17.
Kh1 Qc7 18. Qe3 Rfd8 19. Rac1 Qb6 20. Ne2 Rd7 21. b3 Rad8 22. Rd3 Qb4 23. Rcd1 Bf8 24. Ng3 Qb6 25. Kg2 Qb4 26. f5 exf5 27. Nxf5 g6 28. Qg5 Bg7 29. Nxg7 Kxg7 30. d5 cxd5 31. exd5 Qd6 32.
h4 h6 33. Qd2 h5 34. Qxa5 Re8 35. Qc3 Rde7 36. b4 Rc7 37. Qd4 Kh7 38. a5 Nd7 39.
Re3 Rcc8 40. Rde1 Rxe3 41. Rxe3 Kh6 42. b5 Ra8 43. Qa4 Nc5 44. Qb4 Rc8 45. b6 1-0

[Event "Early-Titled-Tuesday-Blitz-January-30-2024"]
[Site "Chess.com"]
[Date "2024.01.30"]
[Round "1"]
[White "secretsuperstar7"]
[Black "bardiya_Daneshvar"]
[Result "0-1"]
[WhiteElo "2507"]
[BlackElo "2926"]
[TimeControl "180+1"]
[EndTime "8:07:49 PST"]
[Termination "bardiya_Daneshvar won on time"]

1. c4 e5 2. Nc3 Nc6 3. d3 g6 4. g3 Bg7 5. Bg2 d6 6. Nf3 Nf6 7. O-O O-O 8. Rb1 Re8 9. b4 e4 10.
dxe4 Nxe4 11. Nxe4 Rxe4 12. Ng5 Rd4 13. Qb3 h6 14. e3 Rg4 15. Nf3 Be6 16. Nd2 Ne5 17. h3 Rxc4 18. Nxc4 Bxc4 19. Qd1 Bxf1 20. Qxf1 d5 21.
Bb2 c6 22. Rd1 Qb6 23. a3 Nf3+ 24. Bxf3 Bxb2 25. e4 Bxa3 26. exd5 cxd5 27. Bxd5 Bxb4 28. Bxf7+ Kxf7 29. Qc4+ Kf8 30. Rd7 Be7 31. Qe4 Re8 32. Qf4+ Kg7 33. h4 Qf6 34. Qe4 b5 35. Rxa7 b4 36.
Qc4 Qf7 37. Qd4+ Kg8 38. Qg4 h5 39. Qe4 b3 40. Ra6 Bf6 41. Rxf6 Rxe4 42. Rxf7 Kxf7 0-1

[Event "Early-Titled-Tuesday-Blitz-January-30-2024"]
[Site "Chess.com"]
[Date "2024.01.30"]
[Round "1"]
[White "MKlose11"]
[Black "Witty_Alien"]
[Result "0-1"]
[WhiteElo "2637"]
[BlackElo "2343"]
[TimeControl "180+1"]
[EndTime "8:07:49 PST"]
[Termination "Witty_Alien won by checkmate"]

1. e4 c5 2. Nc3 d6 3. g3 h5 4. h3 h4 5. g4 Nc6 6. d3 g6 7. Bg2 Bg7 8. f4 Nf6 9. Nf3 Nxg4 10.
hxg4 Bxg4 11. Bh3 Qd7 12. Bxg4 Qxg4 13. Qe2 b5 14. Rg1 Qd7 15. Be3 b4 16. Nd1 Rb8 17.
d4 cxd4 18. Bf2 h3 19. Bg3 Qg4 20. Nf2 Qh5 21. Ng5 d3 22. Qxh5 Rxh5 23. Nxd3 Nd4 24. Kd2 f6 25. c3 bxc3+ 26. bxc3 fxg5 27. cxd4 Bxd4 28. Rab1 Bxg1 29. Rxb8+ Kf7 30. fxg5 Rxg5 31. Bf4 Rg2+ 32. Kc3 Kg7 33. e5 h2 34. exd6 h1=Q 35. dxe7 Re2 36. e8=Q Rxe8 37. Rxe8 Qc6+ 38. Kd2 Qxe8 39.
Be5+ Kh7 40. Bc3 Be3+ 41. Kc2 Bh6 42. a4 Qe2+ 43. Kb3 Qxd3 44. Kb4 Bf8+ 45. Ka5 Qxc3+ 46.
Ka6 Qc6+ 47. Ka5 Qb6# 0-1

[Event "Early-Titled-Tuesday-Blitz-January-30-2024"]
[Site "Chess.com"]
[Date "2024.01.30"]
[Round "1"]
[White "arnash_bauyrzhan"]
[Black "Russian_berezka"]
[Result "0-1"]
[WhiteElo "2204"]
[BlackElo "2585"]
[TimeControl "180+1"]
[EndTime "8:07:49 PST"]
[Termination "Russian_berezka won on time"]

1. e4 g6 2. d4 Bg7 3. Nf3 d5 4. e5 Bg4 5. Be2 h5 6. h3 Bxf3 7. Bxf3 Nh6 8. O-O Nf5 9. c3 c6 10. Re1 e6 11. Nd2 Nd7 12. Nf1 O-O 13. Ne3 Nxe3 14. Bxe3 c5 15. Qd2 cxd4 16. cxd4 Nb6 17. b3 Rc8 18. Bh6 Qe7 19. Rac1 Na8 20. Bg5 Qd7 21.
Bf6 Rxc1 22. Rxc1 Rc8 23. Rxc8+ Qxc8 24. Qg5 Qf8 25. Bxg7 Qxg7 26. Qe7 Qh6 27. Qxb7 Qc1+ 28. Kh2 Nc7 29. g3 a6 30. Qc8+ Kg7 31. Qd8 Nb5 32.
Qf6+ Kg8 33. Qd8+ Kh7 34. Qh4 Qd2 35. Kg2 Qxd4 36. Qf6 Kg8 37. Qd8+ Kh7 38. Qf6 Qa7 39. Qg5 Qd7 40. Qh4 Kg8 41. g4 hxg4 42. hxg4 d4 43. Qf6 Nc3 44. Qf4 d3 0-1

[Event "Early-Titled-Tuesday-Blitz-January-30-2024"]
[Site "Chess.com"]
[Date "2024.01.30"]
[Round "1"]
[White "mistrzemi"]
[Black "Alen_Yeremyann"]
[Result "0-1"]
[WhiteElo "2408"]
[BlackElo "2744"]
[TimeControl "180+1"]
[EndTime "8:07:51 PST"]
[Termination "Alen_Yeremyann won by resignation"]

1. e4 c5 2. Nf3 Nc6 3. Bb5 e6 4. O-O Nge7 5. Re1 a6 6. Bf1 d5 7. exd5 Nxd5 8. d4 cxd4 9. Nxd4 Bd7 10. c4 Nf6 11. Nc3 Be7 12. Bf4 O-O 13. Nf3 Qb6 14.
Qc2 Rfd8 15. Rad1 Be8 16. a3 Rac8 17. b4 Nd4 18. Nxd4 Rxd4 19. c5 Qd8 20. Be5 Rd7 21.
Na4 Nd5 22. Qb3 Bf6 23. Bg3 h6 24. b5 Qa5 25. Bd6 axb5 26. Qxb5 Qxb5 27. Bxb5 Rxd6 28. Bxe8 Ra6 29. Bb5 Ra5 30. Rb1 Be7 31. Rec1 Rd8 32. g3 Nc7 33. c6 bxc6 34. Bxc6 Nd5 35. Rb3 Bf6 36. Bxd5 Raxd5 37. Rc2 Bd4 38. Kg2 h5 39. Nb6 R5d6 40. Nc4 Rc6 41. Ne3 Rxc2 42. Nxc2 Bc5 43. Ne3 Rd2 44. Nc4 Rxf2+ 45. Kh3 Rc2 46. Ne5 Bg1 47.
g4 Bxh2 48. gxh5 Bxe5 49. Rb8+ Bxb8 0-1

[Event "Early-Titled-Tuesday-Blitz-January-30-2024"]
[Site "Chess.com"]
[Date "2024.01.30"]
[Round "1"]
[White "almaguerjm"]
[Black "Legendinunknown"]
[Result "0-1"]
[WhiteElo "2463"]
[BlackElo "2818"]
[TimeControl "180+1"]
[EndTime "8:07:52 PST"]
[Termination "Legendinunknown won by resignation"]

1. e4 e5 2. Nf3 Nc6 3. Bc4 d6 4. d4 Nf6 5. dxe5 dxe5 6. Qxd8+ Nxd8 7. Nxe5 Bd6 8. Nd3 Nxe4 9. O-O Be6 10. Bxe6 Nxe6 11.
Re1 Nf6 12. Nc3 c6 13. Bg5 Be7 14. Bxf6 Bxf6 15. Nf4 O-O-O 16. Nxe6 fxe6 17. Rxe6 Rd2 18. Ne4 Rxc2 19. Nxf6 gxf6 20. Rxf6 Rxb2 21. Rf7 a5 22. g3 a4 23. h4 h5 24. Rf5 b5 25. Rf7 Rd8 26. Rc1 Rd6 27. Re1 Rd7 28. Rf6 Kb7 29.
Ra1 Rdd2 30. g4 hxg4 31. h5 g3 32. Rc1 gxf2+ 33. Kf1 Rdc2 34. Rxc2 Rxc2 35. h6 Rc1+ 36. Kxf2 Rh1 37. Rf7+ Kb6 38. h7 b4 39. Kg2 Rh6 40. Kg3 Kb5 41. Kg4 c5 42. Kg5 Rh2 43. Kg6 b3 44. a3 Kc4 45. Rf4+ Kc3 46. Rf3+ Kd4 47. Rf5 Rxh7 0-1